cohdb
Replays
Latest Replays
All Replays
Popular Replays
Top Player Replays
Match Explorer
How It Works
Community
CoH3 Stats
Reddit
Sign in to upload your games and track your stats! →
Sign in with Steam
Match 42909054
Unlisted
Match 42909054
Overview
Messages
Build Orders
End
Royal Engineer Section
Construct Section Command Post
Selects Canadian Shock Battlegroup
Vickers Machine Gun Team
Infantry Section
Infantry Section
Infantry Section
Construct Platoon Command Post
Selects Attacking Spirit
Selects Canadian Shock Section
Construct Field Infirmary
6-pounder Anti-tank Gun Team
Unlock Bishop Self-propelled Artillery
Selects Incendiary Munitions
Grenade Package
6-pounder Anti-tank Gun Team
Selects Pyrotechnics
Selects Smoke Operation
Construct Company Command Post
CMP 15cwt Truck
Unlock M3 Grant Medium Tanks
M3 Grant Medium Tank
Royal Engineer Section
M3 Grant Medium Tank
M3 Grant Medium Tank
Royal Engineer Section
M3 Grant Medium Tank
M3 Grant Medium Tank
Royal Engineer Section
Abeli
Gust
Diosuke
korn013
0
0
Comments
sign in to comment!
No comments posted yet!